 Dungeon Crawl Stone Soup version 0.27-a0-1321-gd358eaa319 (console) character file.

Game seed: 2532402675961718849

199607 Gather the Bewitcher (level 17, -6/114 HPs)
             Began as a Felid Conjurer on June 14, 2021.
             Was a Priest of Sif Muna.
             Mangled by a deep troll (16 damage)
             ... led by an ironbound preserver
             ... on level 1 of the Vaults on June 22, 2021.
             The game lasted 11:38:37 (88299 turns).

Gather the Bewitcher (Felid Conjurer)              Turns: 88299, Time: 11:38:37

Health: -6/114     AC:  3    Str:  3    XL:     17   Next: 39%
Magic:  4/32       EV: 24    Int: 26    God:    Sif Muna [***...]
Gold:   1552       SH:  5    Dex: 16    Spells: 0/36 levels left
                                        Lives:  0   Deaths: 4

rFire    . . .     SeeInvis +   (weapon unavailable)
rCold    + . .     Faith    .   (shield unavailable)
rNeg     . . .     Spirit   .   (armour unavailable)
rPois    .         Reflect  +   (helmet unavailable)
rElec    .         Harm     .   (cloak unavailable)
rCorr    .         Rampage  .   (gloves unavailable)
Will     ++...                  (boots unavailable)
Stlth    ..........             z - amulet of reflection
HPRegen  0.29/turn              t - ring of wizardry
MPRegen  0.23/turn              u - ring of wizardry

@: berserking, very quick
A: very small, claws 1, fangs 3, see invisible, speed 1, shaggy fur 3, stealthy
paws, no weapons or thrown items, no armour, multi-lived
}: 2/15 runes: decaying, serpentine
a: Renounce Religion, Channel Magic, Forget Spell


You were on level 1 of the Vaults.
You worshipped Sif Muna.
Sif Muna was most pleased with you.
You visited 9 branches of the dungeon, and saw 37 of its levels.

You collected 3465 gold pieces.
You spent 1913 gold pieces at shops.

Inventory:

Jewellery
 a - the ring "Vaihib" {Int+4 Dex+6}
   (You took it off a deep elf master archer on level 3 of the Elven Halls)

   [ring of dexterity]

   It affects your intelligence (+4).
   It affects your dexterity (+6).
 e - a +4 ring of protection
 g - a ring of protection from cold
 t - a ring of wizardry (left paw)
 u - a ring of wizardry (right paw)
 z - an amulet of reflection (around neck)
 E - an amulet of the acrobat
 K - a ring of resist corrosion
 L - the ring "Yren" {rPois EV+4 Str+4 Int+2 Dex+2}
   (You acquired it on level 10 of the Dungeon)

   [ring of evasion]

   It affects your evasion (+4).
   It affects your strength (+4).
   It affects your intelligence (+2).
   It affects your dexterity (+2).
   It protects you from poison.
 M - a ring of magical power
 O - the ring of Halexod {+Blink Int+6}
   (You found it on level 12 of the Dungeon)

   [ring of intelligence]

   It affects your intelligence (+6).
   It lets you blink.
 P - the amulet "Fomucs" {rElec Regen+ Dex+2 Stlth+}
   (You took it off a deep elf death mage on level 3 of the Elven Halls)

   [amulet of regeneration]

   It affects your dexterity (+2).
   It insulates you from electricity.
   It increases your rate of health regeneration.
   It makes you more stealthy.
 Q - the ring "Huto Itt" {rPois Will+ Dex+4 Stlth+}
   (You took it off a deep elf sorcerer on level 3 of the Elven Halls)

   [ring of willpower]

   It affects your dexterity (+4).
   It protects you from poison.
   It increases your willpower.
   It makes you more stealthy.
 Y - the amulet of the Four Winds {rN+ Will+++ Clar}
   (You took it off a deep elf pyromancer on level 3 of the Elven Halls)

   [amulet of nothing]

   It protects you from negative energy.
   It protects you against confusion.
   It greatly increases your willpower.
Wands
 f - a wand of charming (37)
 n - a wand of flame (68)
 o - a wand of acid (3)
 w - a wand of iceblast (30)
 x - a wand of paralysis (12)
 D - a wand of digging (6)
 F - a wand of mindburst (5) (quivered)
 I - a wand of polymorph (11)
Scrolls
 b - 6 scrolls of enchant armour
 h - 2 scrolls of teleportation
 m - 2 scrolls of amnesia
 r - 3 scrolls of magic mapping
 B - 3 scrolls of fear
 J - a scroll of silence
 N - 17 scrolls of identify
 S - a scroll of brand weapon
 U - a scroll of fog
 V - a scroll of summoning
 X - 2 scrolls of holy word
Potions
 c - 6 potions of haste
 j - 11 potions of flight
 k - 7 potions of curing
 l - 2 potions of ambrosia
 p - 3 potions of attraction
 q - 2 potions of cancellation
 s - 2 potions of brilliance
 v - 6 potions of mutation
 A - 6 potions of might
 C - 8 potions of lignification
 H - a potion of resistance
 R - 2 potions of berserk rage
Miscellaneous
 T - a box of beasts
 W - a tin of tremorstones (1/2)
 Z - a condenser vane


   Skills:
 - Level 10.0 Fighting
 - Level 10.8 Dodging
 - Level 11.4 Stealth
 - Level 10.4 Spellcasting
 - Level 14.9 Conjurations
 - Level 17.9 Hexes
 - Level 9.4 Translocations
 - Level 8.5 Transmutations
 + Level 17.8 Earth Magic
 - Level 6.5 Invocations
 - Level 7.7 Evocations


You couldn't memorise any spells.
You knew the following spells:

 Your Spells              Type           Power      Damage    Failure   Level
a - Lehudib's Crystal Sp  Conj/Erth      39%        10d10     10%         8
c - Cause Fear            Hex            41%        N/A       1%          4
f - Fulminant Prism       Conj/Hex       39%        3d18      1%          4
m - Iskenderun's Mystic   Conj/Tloc      67%        2d14      1%          4
q - Blink                 Tloc           N/A        N/A       1%          2
s - Statue Form           Tmut/Erth      46%        N/A       1%          6
x - Discord               Hex            41%        N/A       5%          8

Your spell library contained the following spells:

 Spells                   Type           Power      Damage    Failure   Level
 Corona                   Hex            91%        N/A       0%          1
 Magic Dart               Conj           100%       1d8       0%          1
 Sandblast                Erth           100%       2d20      0%          1
 Searing Ray              Conj           100%       3d7       0%          2
 Slow                     Hex            82%        N/A       0%          2
 Confusing Touch          Hex            82%        N/A       0%          3
 Dazzling Flash           Conj/Hex       100%       N/A       0%          3
 Stone Arrow              Conj/Erth      100%       3d13      0%          3
 Tukima's Dance           Hex            82%        N/A       0%          3
 Animate Skeleton         Necr           26%        N/A       1%          1
 Apportation              Tloc           100%       N/A       1%          1
 Beastly Appendage        Tmut           100%       N/A       1%          1
 Foxfire                  Conj/Fire      100%       2x1d9     1%          1
 Freeze                   Ice            52%        1d7       1%          1
 Pain                     Necr           52%        1d6       1%          1
 Shock                    Conj/Air       100%       1d9       1%          1
 Sting                    Tmut/Pois      100%       1d8       1%          1
 Summon Small Mammal      Summ           52%        N/A       1%          1
 Call Imp                 Summ           13%        N/A       1%          2
 Corpse Rot               Necr/Air       N/A        N/A       1%          2
 Ensorcelled Hibernation  Hex/Ice        100%       N/A       1%          2
 Passwall                 Tmut/Erth      58%        N/A       1%          2
 Static Discharge         Conj/Air       51%        N/A       1%          2
 Sublimation of Blood     Necr           6%         N/A       1%          2
 Wereblood                Tmut           55%        N/A       1%          2
 Conjure Flame            Conj/Fire      51%        6-21      1%          3
 Gell's Gravitas          Tloc           29%        N/A       1%          3
 Ignite Poison            Fire/Tmut/Pois 28%        N/A       1%          3
 Inner Flame              Hex/Fire       57%        N/A       1%          3
 Lesser Beckoning         Tloc           29%        N/A       1%          3
 Mephitic Cloud           Conj/Pois/Air  39%        N/A       1%          3
 Spider Form              Tmut/Pois      17%        N/A       1%          3
 Summon Guardian Golem    Hex/Summ       57%        N/A       1%          3
 Teleport Other           Tloc           58%        N/A       1%          3
 Hailstorm                Conj/Ice       51%        3d11      1%          4
 Leda's Liquefaction      Hex/Erth       41%        N/A       1%          4
 Petrify                  Tmut/Erth      70%        N/A       1%          4
 Sticky Flame             Conj/Fire      51%        2d7       1%          4
 Borgnjor's Vile Clutch   Necr/Erth      28%        N/A       1%          5
 Fireball                 Conj/Fire      25%        3d11      1%          5
 Irradiate                Conj/Tmut      32%        3d24      1%          5
 Lee's Rapid Deconstruct  Erth           41%        3d21*     1%          5
 Lightning Bolt           Conj/Air       25%        1d41      1%          5
 Manifold Assault         Tloc           58%        N/A       1%          5
 Metabolic Englaciation   Hex/Ice        28%        N/A       1%          5
 Silence                  Hex/Air        28%        N/A       1%          5
 Yara's Violent Unravell  Hex/Tmut       35%        3d14      1%          5
 Invisibility             Hex            41%        N/A       1%          6
 Ice Form                 Ice/Tmut       35%        N/A       2%          4
 Call Canine Familiar     Summ           13%        N/A       3%          3
 Frozen Ramparts          Ice            26%        1d4       3%          3
 Ozocubu's Armour         Ice            13%        N/A       3%          3
 Swiftness                Air            13%        N/A       3%          3
 Vampiric Draining        Necr           6%         2d6       3%          3
 Summon Forest            Summ/Tloc      19%        N/A       5%          5
 Alistair's Intoxication  Tmut/Pois      23%        N/A       6%          5
 Starburst                Conj/Fire      25%        8x6d8     9%          6
 Airstrike                Air            6%         N/A       12%         4
 Animate Dead             Necr           6%         N/A       12%         4
 Dispel Undead            Necr           13%        3d9       12%         4
 Olgreb's Toxic Radiance  Pois           13%        N/A       12%         4
 Summon Ice Beast         Ice/Summ       13%        N/A       12%         4
 Summon Lightning Spire   Summ/Air       13%        N/A       12%         4
 Eringya's Noxious Bog    Tmut/Pois      17%        N/A       28%         6
 Agony                    Necr           13%        N/A       30%         5
 Shatter                  Erth           41%        3d32*     56%         9
 Malign Gateway           Summ/Tloc      19%        N/A       77%         7
 Shadow Creatures         Summ           N/A        N/A       82%         6
 Storm Form               Tmut/Air       17%        N/A       82%         7
 Haunt                    Necr/Summ      6%         N/A       100%        7
 Monstrous Menagerie      Summ           6%         N/A       100%        7
 Ozocubu's Refrigeration  Ice            6%         4d6       100%        7
 Summon Hydra             Summ           6%         N/A       100%        7
 Ignition                 Fire           6%         3d4       100%        8
 Summon Horrible Things   Summ           6%         N/A       100%        8
 Chain Lightning          Conj/Air       25%        3d34      100%        9
 Fire Storm               Conj/Fire      25%        8d7       100%        9
 Polar Vortex             Ice            6%         N/A       100%        9
 Portal Projectile        Hex/Tloc       Unusable   N/A       N/A         3
 Animate Armour           Summ/Erth      Unusable   N/A       N/A         4
 Excruciating Wounds      Necr           Unusable   N/A       N/A         5

Dungeon Overview and Level Annotations

Branches:
Dungeon (15/15)            Temple (1/1) D:6            Lair (6/6) D:9
  Swamp (4/4) Lair:4        Snake (4/4) Lair:4        Slime (1/5) Lair:6
    Orc (2/2) D:11            Elf (3/3) Orc:2        Vaults (1/5) D:14
 Depths (0/5) D:15

Altars:
Ashenzari
Cheibriados
Dithmenos
Elyvilon
Fedhas
Gozag
Hepliaklqana
Kikubaaqudgha
Makhleb
Nemelex Xobeh
Qazlal
Ru
Sif Muna
Trog
Uskayaw
Vehumet
Wu Jian
Xom
Yredelemnul
Zin
The Shining One
Beogh
Jiyva

Shops:
D:9 =   D:14 !*   D:15 *   Orc:1 *   Orc:2 =*[(   Elf:3 ?   Snake:1 :==
Snake:2 (   Snake:4 [[   Vaults:1 *

Portals:
Bazaar: D:14

Annotations:
D:15 1 runed translucent door, Gokulugg's ghost, journeyman DgFi
Snake:2 2 transporters, Xenoroth's ghost, journeyman TrBe


Innate Abilities, Weirdness & Mutations

You have sharp claws.
You have razor-sharp teeth.
You have supernaturally acute eyesight. (SInv)
You cover ground quickly. (Speed+)
Your thick and shaggy fur keeps you warm. (AC +3, rC+)
Your paws help you pounce on unaware monsters.
You are incapable of wielding weapons or throwing items.
You cannot wear armour.
You gain extra lives every three experience levels.


Message History

You kill the deep troll!
Sif Muna accepts your kill.
The blast of energy engulfs the deep troll!!!
The deep troll is almost dead.
You claw the deep troll!
The deep troll is almost dead.
The deep troll bites you but does no damage.
The deep troll misses you. x2
The deep troll bites you but does no damage.
The deep troll closely misses you.
The deep troll claws you but does no damage.
You scratch the deep troll.
You kill the deep troll!
Sif Muna accepts your kill.
The troll leather armour is intact enough to wear.
Your condenser vane has recharged.
You barely miss the deep troll.
The deep troll is heavily wounded.
You revert to your normal fleshy form.
The deep troll closely misses you. x2; The deep troll claws you!!
* * * LOW HITPOINT WARNING * * *
A red film seems to cover your vision as you go berserk!
You feel yourself moving faster!
You feel mighty! You block the deep troll's attack. The deep troll misses you.
The deep troll claws you.
* * * LOW HITPOINT WARNING * * *
You claw the deep troll!
The deep troll is severely wounded.
The deep troll misses you. The deep troll completely misses you.
The deep troll barely misses you.
You scratch the deep troll but do no damage.
The deep troll is severely wounded.
The deep troll misses you. The deep troll claws you!
* * * LOW HITPOINT WARNING * * *
The deep troll barely misses you.
You scratch the deep troll.
You bite the deep troll, but do no damage.
The deep troll is severely wounded.
You claw the deep troll!
The deep troll is almost dead.
You block the deep troll's attack. The deep troll claws you!
You die...

#......# # .#.....)# ##
..'......##### ##### #.
...'......'...###.(.# #.
...########...#.#...###
#######. ###
#..'#'#'..'.###.....'(
###########...####..####..##.
#......##.#..p#.##..#.#'#####
#......##'#...#'##.#'....####
#......p..'###)..#.##...##.##
#...T.T#...#@T[..###....'#.#
#......#...###...# ##+#.#).#
#......##### ##### ###..##
#......# ##.[. #.....8# ###.
######.# #. #∩#
#############. #.#
#...........#. #>#
#.....#.....#. #.#
#....###....#. .8#
#...........'.


You could see a deep troll.

Vanquished Creatures
  Nikola (Elf:1)
  Jorgrun (D:13)
  A deep elf blademaster (Elf:2)
  Asterion (Vaults:1)
  A deep elf master archer (Elf:3)
  Agnes (D:14)
  Donald (Orc:1)
  The ghost of Bybenepn the Covert, an adept HuAr of Trog (Lair:6)
  5 nagarajas
  A vault warden (Vaults:1)
  6 deep elf sorcerers
  3 deep elf elementalists (Elf:3)
  A ghoul (Swamp:3)
  2 ironbound preservers (Vaults:1)
  A quicksilver ooze (Lair:6)
  3 deep elf demonologists (Elf:3)
  9 deep elf annihilators (Elf:3)
  Nessos (Orc:2)
  5 bunyips
  4 eleionomae
  Snorg (Orc:1)
  5 deep elf death magi (Elf:3)
  3 shambling mangroves
  A yaktaur captain (Vaults:1)
  3 vault guards (D:14)
  2 deep elf high priests (Elf:3)
  A great orb of eyes (D:15)
  An ironbound frostheart (Vaults:1)
  14 naga warriors
  21 hydras
  4 catoblepae
  A rakshasa (D:15)
  11 naga sharpshooters
  4 boulder beetles
  4 centaur warriors
  2 ghost crabs
  7 anacondas
  2 tengu warriors (D:15)
  2 two-headed ogres
  6 death yaks (Lair:6)
  23 dancing weapons
  5 alligators
  The ghost of Delamore the Slinger, a novice FoHu of Gozag (D:7)
  3 orc high priests
  10 deep trolls (Vaults:1)
  Urug (Lair:5)
  2 spriggan berserkers (Swamp:4)
  8 shock serpents
  Sonja (D:12)
  12 deep elf knights
  3 salamander mystics
  11 sea snakes
  6 goliath frogs
  3 spriggan druids
  An obsidian statue (D:9)
  A naga ritualist (Snake:3)
  3 harpies (Vaults:1)
  6 bog bodies
  3 orc knights
  A wolf spider (D:9)
  6 swamp dragons
  7 deep elf archers
  An ironbound convoker (Vaults:1)
  10 ugly things
  27 deep elf zephyrmancers
  5 mana vipers
  3 wizards
  16 deep elf pyromancers
  A faun (shapeshifter) (D:13)
  6 salamanders
  4 oklob plants (Lair:3)
  A manticore (shapeshifter) (D:15)
  2 manticores (Lair:6)
  2 orc sorcerers (Orc:2)
  5 cyclopes
  6 will-o-the-wisps
  13 elephants
  6 guardian serpents
  An ice statue (D:14)
  Maurice (Orc:1)
  A vault sentinel (Vaults:1)
  A cane toad (shapeshifter) (Elf:1)
  22 black mambas
  14 naga magi
  12 cane toads
  An unseen horror (D:11)
  2 efreet
  2 rime drakes
  9 yaktaurs (Vaults:1)
  3 tengu conjurers (D:15)
  12 komodo dragons
  A queen bee (Lair:1)
  A queen bee (shapeshifter) (D:14)
  11 tyrant leeches
  3 trolls
  12 hornets
  A jumping spider (shapeshifter) (Elf:2)
  23 slime creatures
  3 meliai (D:14)
  17 blink frogs
  13 dream sheep
  7 air elementals
  4 shadows
  10 spriggans
  2 wraiths
  2 water elementals
  39 yaks
  4 wyverns
  5 fire elementals
  6 humans (D:14)
  Eustachio (D:5)
  13 vampire mosquitoes
  3 steam dragons
  61 nagas
  15 swamp worms
  Edmund (D:5)
  A two-headed ogre zombie (D:11)
  9 water moccasins
  21 orc warriors
  10 swamp drakes
  A sky beast (D:6)
  4 black bears
  3 boggarts (Vaults:1)
  6 ogres
  4 necrophages
  15 wolves
  3 centaurs
  2 phantoms
  2 kobold brigands
  14 bullfrogs
  Blork the orc (D:6)
  A gnoll sergeant (D:8)
  A wyvern zombie (D:8)
  3 earth elementals
  3 scorpions (D:5)
  2 troll zombies (D:11)
  29 killer bees
  3 electric eels (Snake:1)
  3 centaur zombies
  11 jellies
  8 orc priests
  A bullfrog skeleton (D:6)
  Jessica (D:2)
  3 iguanas
  Natasha (D:3)
  20 orc wizards
  5 ogre zombies (D:11)
  2 hound skeletons
  A howler monkey zombie (D:8)
  6 gnolls
  A howler monkey skeleton (D:5)
  2 adders (D:2)
  A shadow imp (D:7)
  A white imp (D:5)
  2 ufetubi
  A worm (D:2)
  3 dart slugs
  57 orcs
  9 ball pythons
  4 bats
  3 endoplasms
  2 giant cockroaches
  8 goblins
  3 hobgoblins
  14 jackals
  15 kobolds
  2 quokkas
  5 frilled lizards
  4 goblin skeletons (D:11)
  2 goblin zombies (D:11)
  A hobgoblin skeleton (D:11)
  A hobgoblin zombie (D:11)
  2 orc skeletons (D:11)
  15 orc zombies (D:11)
  2 rats
  5 fulminant prisms
1073 creatures vanquished.

Vanquished Creatures (collateral kills)
  2 nagarajas (Snake:4)
  An orc warlord (Orc:2)
  An ironbound preserver (Vaults:1)
  A ghoul (Swamp:4)
  A deep elf demonologist (Elf:3)
  A hydra (Lair:6)
  A ghost crab (Swamp:4)
  2 vault guards (Vaults:1)
  A boulder beetle (Vaults:1)
  3 orc high priests (Orc:2)
  The ghost of losten the Cleaver, a novice DsSu (D:9)
  2 naga sharpshooters
  2 deep elf knights (Elf:1)
  2 deep trolls (Vaults:1)
  2 bog bodies (Swamp:4)
  A swamp dragon (Swamp:4)
  A sea snake (Snake:4)
  A wizard (D:9)
  2 deep elf archers (Elf:1)
  An orc knight (Orc:2)
  An ugly thing (D:9)
  A deep elf zephyrmancer (Orc:2)
  3 orc sorcerers (Orc:2)
  10 elephants (Lair:6)
  2 naga magi
  A vault sentinel (Vaults:1)
  A cane toad (Lair:6)
  A rime drake (Lair:6)
  2 slime creatures
  6 yaks (Lair:6)
  A basilisk (Lair:6)
  A vampire mosquito (D:14)
  6 nagas
  A water moccasin (Lair:6)
  8 orc warriors (Orc:2)
  A boggart (D:9)
  An ogre (Orc:2)
  A centaur zombie (D:9)
  12 orc priests (Orc:2)
  7 jellies (Lair:6)
  2 orc wizards (Orc:2)
  12 orcs (Orc:2)
  4 fulminant prisms
114 creatures vanquished.

Vanquished Creatures (others)
  A vault warden (Vaults:1)
  Louise (Elf:1)
  A deep elf high priest (Elf:3)
  A hydra (Swamp:4)
  A vault guard (D:14)
  A naga sharpshooter (Snake:1)
  A deep elf archer (Elf:1)
  An elephant (Lair:6)
  A deep elf pyromancer (Elf:1)
  A bloated husk (Swamp:3)
  2 hornets
  A water elemental (Orc:2)
  A human (D:14)
  A vampire mosquito (D:14)
  3 nagas
  2 orc warriors (Orc:2)
  2 jellies (Lair:6)
  3 orcs (Orc:2)
  A bush (Lair:5)
  23 foxfires
  1226 fulminant prisms
  86 fungi
  133 plants
1494 creatures vanquished.

Grand Total: 2681 creatures vanquished

Notes
Turn   | Place    | Note
-------+----------+-------------------------------------------
     0 | D:1      | Gather the Felid Conjurer began the quest for the Orb.
     0 | D:1      | Reached XP level 1. HP: 7/7 MP: 4/4
   292 | D:1      | Reached XP level 2. HP: 12/12 MP: 0/6
   295 | D:1      | Learned a level 2 spell: Searing Ray
   781 | D:1      | Reached skill level 1 in Fighting
   923 | D:1      | Reached XP level 3. HP: 15/15 MP: 4/7
   927 | D:1      | Learned a level 3 spell: Dazzling Flash
  1125 | D:2      | Reached skill level 1 in Hexes
  1566 | D:2      | Reached XP level 4. HP: 16/19 MP: 2/8
  1737 | D:2      | Noticed Jessica
  1785 | D:2      | Killed Jessica
  1989 | D:3      | Noticed Natasha
  1992 | D:3      | Killed Natasha
  2092 | D:3      | Reached XP level 5. HP: 22/22 MP: 4/9
  2533 | D:3      | You fall into a shaft and drop 3 floors!
  2627 | D:6      | Found a staircase to the Ecumenical Temple.
  2692 | D:5      | Entered Level 5 of the Dungeon
  2692 | D:5      | Noticed Edmund
  2784 | D:6      | Reached skill level 5 in Conjurations
  2852 | D:6      | Noticed a necrophage
  3074 | D:5      | Found an opulent altar of Gozag.
  3097 | D:5      | Gained mutation: You are covered in thick fur. (AC +2)
                  | [Felid growth]
  3097 | D:5      | Reached XP level 6. HP: 18/25 MP: 1/11
  3390 | D:4      | Learned a level 4 spell: Fulminant Prism
  4019 | D:4      | Reached XP level 7. HP: 29/29 MP: 3/12
  4103 | D:4      | Reached skill level 5 in Stealth
  4254 | D:4      | Reached skill level 5 in Hexes
  4725 | D:5      | Noticed a troll
  4732 | D:5      | Killed a troll
  4733 | D:5      | Reached skill level 1 in Evocations
  5126 | D:5      | Reached XP level 8. HP: 33/33 MP: 6/13
  5185 | D:5      | Noticed Eustachio
  5206 | D:5      | Killed Eustachio
  5378 | D:5      | Reached skill level 5 in Dodging
  5617 | D:4      | Upgraded the game from 0.27-a0-1281-ge233d83751 to
                  | 0.27-a0-1290-g15d3ce7508
  5822 | D:5      | Killed Edmund
  6430 | D:6      | Noticed Blork the orc
  6443 | D:6      | Killed Blork the orc
  6555 | D:6      | Found a snail-covered altar of Cheibriados.
  7056 | D:6      | Found a large runed translucent door.
  7057 | D:6      | Found a large runed translucent door.
  7460 | D:6      | Reached XP level 9. HP: 37/37 MP: 4/15
  7465 | D:6      | Learned a level 4 spell: Iskenderun's Mystic Blast
  7552 | D:6      | Found a white marble altar of Elyvilon.
  7555 | D:6      | Found an ancient bone altar of Kikubaaqudgha.
  7592 | D:7      | Found a glowing golden altar of the Shining One.
  7616 | D:7      | Reached skill level 1 in Translocations
  7965 | D:7      | Found a broken altar of Ashenzari.
  8221 | D:7      | Found a large runed translucent door.
  8222 | D:7      | Found a large runed translucent door.
  8223 | D:7      | Noticed Delamore's ghost (novice FoHu)
  8489 | D:7      | Found a sacrificial altar of Ru.
  9078 | D:7      | Found a glowing golden altar of the Shining One.
  9102 | D:7      | Found a broken altar of Ashenzari.
  9331 | D:7      | Found a large runed translucent door.
  9332 | D:7      | Found a large runed translucent door.
  9609 | D:7      | Found a sacrificial altar of Ru.
 10029 | Temple   | Entered the Ecumenical Temple
 10090 | Temple   | Became a worshipper of Sif Muna the Loreminder
 10717 | D:8      | Identified a scroll of acquirement
 10717 | D:8      | Acquired a book of Spatial Translocations
 11015 | D:8      | Reached skill level 5 in Translocations
 11057 | D:8      | Learned a level 2 spell: Blink
 11205 | D:8      | Found a basalt altar of Yredelemnul.
 11380 | D:9      | Noticed a manticore
 11714 | D:9      | Found Viet Mism's Jewellery Boutique.
 11721 | D:9      | Bought an amulet of reflection for 450 gold pieces
 11805 | D:9      | Reached skill level 1 in Invocations
 12180 | D:9      | Reached XP level 10. HP: 43/43 MP: 12/17
 12451 | D:9      | Reached * piety under Sif Muna
 12765 | D:9      | Noticed an obsidian statue
 12768 | D:9      | Noticed a soul eater
 12768 | D:9      | Noticed an orange demon
 12769 | D:9      | Noticed a smoke demon
 12899 | D:9      | Found a runed translucent gate.
 12900 | D:9      | Found a runed translucent gate.
 12900 | D:9      | Found an opulent altar of Gozag.
 12901 | D:9      | Found a runed translucent gate.
 12904 | D:9      | Noticed a cyan ugly thing
 12904 | D:9      | Noticed losten's ghost (novice DsSu)
 12905 | D:9      | Noticed a wolf spider
 12905 | D:9      | Noticed a wizard
 12933 | D:9      | Found a staircase to the Lair.
 12956 | D:9      | Noticed a cyclops
 12987 | Lair:1   | Entered Level 1 of the Lair of Beasts
 12999 | Lair:1   | Noticed a black mamba
 13012 | Lair:1   | Killed a black mamba
 13181 | Lair:1   | Noticed a cane toad
 13197 | Lair:1   | Killed a cane toad
 13365 | Lair:1   | Found a gate leading to a gauntlet.
 13403 | Lair:1   | Noticed a cane toad
 13429 | Lair:1   | Killed a cane toad
 13700 | Lair:1   | Noticed a black mamba
 13714 | Lair:1   | Killed a black mamba
 14184 | Lair:1   | Reached skill level 5 in Fighting
 14225 | Lair:1   | Noticed a cane toad
 14275 | Lair:1   | Killed a cane toad
 14403 | Lair:1   | Reached skill level 10 in Hexes
 14872 | Lair:1   | Reached XP level 11. HP: 48/48 MP: 7/18
 16143 | Lair:1   | Learned a level 3 spell: Teleport Other
 16761 | Lair:2   | Noticed a six-headed hydra
 16763 | Lair:2   | Reached skill level 5 in Evocations
 17095 | Lair:2   | Killed a six-headed hydra
 17292 | Lair:2   | Reached skill level 5 in Spellcasting
 17775 | Lair:2   | Reached ** piety under Sif Muna
 18772 | Lair:3   | Noticed a catoblepas
 18787 | Lair:3   | Killed a catoblepas
 19700 | Lair:3   | Noticed an eight-headed hydra
 19705 | Lair:3   | Killed an eight-headed hydra
 20230 | Lair:3   | Gained mutation: Your thick and shaggy fur keeps you warm.
                  | (AC +3, rC+) [Felid growth]
 20230 | Lair:3   | Reached XP level 12. HP: 52/52 MP: 14/21
 20270 | Lair:3   | Upgraded the game from 0.27-a0-1290-g15d3ce7508 to
                  | 0.27-a0-1296-g8ece459b43
 21551 | Lair:4   | Found a staircase to the Snake Pit.
 21801 | Lair:4   | Noticed a six-headed hydra
 21819 | Lair:4   | Found a staircase to the Swamp.
 21837 | Lair:4   | Killed a six-headed hydra
 22995 | Lair:5   | Noticed Urug
 23455 | Lair:5   | Learned a level 8 spell: Discord
 23519 | Lair:5   | Reached *** piety under Sif Muna
 24179 | Lair:5   | Noticed a four-headed hydra
 24207 | Lair:5   | Killed a four-headed hydra
 24324 | Lair:5   | Killed Urug
 24419 | Lair:4   | Reached XP level 13. HP: 42/55 MP: 13/26
 24623 | Lair:5   | Reached skill level 15 in Hexes
 24856 | Lair:5   | You fall into a shaft and drop 1 floor!
 24856 | Lair:6   | Entered Level 6 of the Lair of Beasts
 26627 | Lair:5   | Learned a level 4 spell: Cause Fear
 27875 | Lair:6   | Reached **** piety under Sif Muna
 28085 | Lair:6   | Reached skill level 10 in Spellcasting
 28694 | Lair:6   | Slain by an eight-headed hydra
 28695 | Lair:6   | Reached XP level 12. HP: -2/52 MP: 20/27
 28705 | Lair:6   | Killed a four-headed hydra
 28831 | Lair:6   | Killed an eight-headed hydra
 29807 | Lair:6   | Killed a six-headed hydra
 29920 | Lair:6   | Found a staircase to the Slime Pits.
 29966 | Lair:6   | Found a runed translucent gate.
 29966 | Lair:6   | Found a runed translucent gate.
 29966 | Lair:6   | Found a runed translucent gate.
 29974 | Lair:6   | Noticed a quicksilver ooze
 30468 | Lair:6   | Noticed a catoblepas
 30495 | Lair:6   | Killed a catoblepas
 30847 | Lair:6   | Noticed a death yak
 30847 | Lair:6   | Noticed a death yak
 30907 | Lair:6   | Noticed a death yak
 31216 | Lair:6   | Killed a death yak
 31217 | Lair:6   | Reached skill level 5 in Invocations
 31296 | Lair:6   | Noticed a death yak
 31380 | Lair:6   | Noticed a death yak
 31401 | Lair:6   | Killed a death yak
 31402 | Lair:6   | Reached XP level 13. HP: 56/56 MP: 9/28
 31402 | Lair:6   | Noticed Bybenepn's ghost (adept HuAr)
 31745 | Lair:6   | Upgraded the game from 0.27-a0-1296-g8ece459b43 to
                  | 0.27-a0-1301-g128193abf8
 32453 | Lair:6   | Found a viscous altar of Jiyva.
 33169 | D:10     | Entered Level 10 of the Dungeon
 33853 | D:10     | Acquired the ring "Yren" {rPois EV+4 Str+4 Int+2 Dex+2}
 34888 | D:11     | Reached ***** piety under Sif Muna
 35026 | D:11     | Identified Sif Muna's Handbook of Unstable Toxins (Sif Muna
                  | gifted it to you on level 11 of the Dungeon)
 35026 | D:11     | Received a gift from Sif Muna
 35721 | D:11     | Found a staircase to the Orcish Mines.
 35874 | D:11     | Found a shadowy altar of Dithmenos.
 35995 | D:11     | Reached skill level 10 in Stealth
 36218 | D:11     | You fall into a shaft and drop 1 floor!
 36451 | D:11     | Reached skill level 10 in Dodging
 36762 | D:12     | Noticed Sonja
 37066 | D:12     | Killed Sonja
 37325 | D:12     | Identified the ring of Halexod {+Blink Int+6}
 37797 | D:13     | Noticed Jorgrun
 38463 | D:13     | Killed Jorgrun
 39792 | D:13     | Reached XP level 14. HP: 61/61 MP: 21/29
 39881 | D:13     | Upgraded the game from 0.27-a0-1301-g128193abf8 to
                  | 0.27-a0-1302-g7736ffe575
 40139 | D:13     | Reached skill level 10 in Conjurations
 41401 | D:14     | Noticed Agnes
 41411 | D:14     | HP: 2/61 [ice statue/shard of ice (11)]
 41420 | D:14     | Slain by Agnes
 41421 | D:14     | Reached XP level 13. HP: -1/74 MP: 4/28
 41614 | D:14     | Identified the +1 leather armour of Hucvevu {*Slow rF+
                  | Str+3 Int+3}
 41623 | D:14     | Found Jiskem's Distillery.
 41999 | D:14     | Learned a level 6 spell: Statue Form
 42595 | D:14     | Reached skill level 1 in Transmutations
 42774 | D:14     | Reached skill level 1 in Earth Magic
 43463 | D:15     | Entered Level 15 of the Dungeon
 44200 | Snake:1  | Entered Level 1 of the Snake Pit
 46091 | Snake:1  | Reached skill level 5 in Transmutations
 46331 | Snake:1  | Found Ysofyo's Jewellery Boutique.
 46332 | Snake:1  | Found Yrav's Book Emporium.
 46333 | Snake:1  | Found Qimaif's Jewellery Boutique.
 46466 | Snake:1  | Reached XP level 14. HP: 62/62 MP: 4/29
 47335 | Snake:1  | Reached skill level 5 in Earth Magic
 47880 | Snake:2  | Found Isial's Weapon Shoppe.
 48536 | Snake:2  | Noticed a nagaraja
 48555 | Snake:2  | Killed a nagaraja
 49707 | Snake:2  | Noticed Xenoroth's ghost (journeyman TrBe)
 49708 | Snake:2  | Found a bloodstained altar of Trog.
 49724 | Snake:2  | Found a transporter.
 49729 | Snake:2  | Found a transporter.
 52804 | Snake:4  | Entered Level 4 of the Snake Pit
 53720 | Snake:4  | Found Realer's Armour Boutique.
 53722 | Snake:4  | Found Anuang's Antique Armour Shop.
 53815 | Snake:3  | Reached XP level 15. HP: 54/66 MP: 4/30
 56435 | Snake:4  | Noticed a nagaraja
 56444 | Snake:4  | Killed a nagaraja
 56446 | Snake:4  | Killed a nagaraja
 56446 | Snake:4  | Received a gift from Sif Muna
 57135 | Snake:4  | Noticed a nagaraja
 57153 | Snake:4  | Killed a nagaraja
 57154 | Snake:4  | Reached skill level 10 in Earth Magic
 57732 | Snake:4  | Noticed a nagaraja
 57754 | Snake:4  | Killed a nagaraja
 57908 | Snake:4  | Noticed a nagaraja
 57914 | Snake:4  | Killed a nagaraja
 58075 | Snake:4  | Got a serpentine rune of Zot
 58088 | Snake:4  | Noticed a nagaraja
 58111 | Snake:4  | Killed a nagaraja
 58570 | Orc:1    | Entered Level 1 of the Orcish Mines
 59099 | Orc:1    | Found Womejid's Assorted Antiques.
 59269 | Orc:1    | Noticed Snorg
 59279 | Orc:1    | Killed Snorg
 59489 | Orc:1    | Noticed Maurice
 59500 | Orc:1    | Killed Maurice
 59881 | Orc:2    | Entered Level 2 of the Orcish Mines
 59899 | Orc:2    | Noticed Donald
 59907 | Orc:2    | Noticed Nessos
 60223 | Orc:1    | Killed Donald
 60569 | Orc:2    | Found Tot Qaunt's General Store.
 60569 | Orc:2    | Found Leemnairph's Jewellery Emporium.
 60569 | Orc:2    | Noticed an orc warlord
 60571 | Orc:2    | Killed an orc warlord
 60571 | Orc:2    | Received a gift from Sif Muna
 60572 | Orc:2    | Reached XP level 16. HP: 73/73 MP: 13/31
 60721 | Orc:2    | Found Cixzibe's Antique Armour Emporium.
 60721 | Orc:2    | Found Nujauph's Antique Weapon Shoppe.
 60883 | Orc:2    | Killed Nessos
 60886 | Orc:2    | Reached skill level 10 in Fighting
 61386 | Snake:1  | Bought a book of Annihilations for 1435 gold pieces
 62115 | Orc:2    | Found a staircase to the Elven Halls.
 62165 | Orc:2    | Upgraded the game from 0.27-a0-1302-g7736ffe575 to
                  | 0.27-a0-1312-g5cdb2b3542
 62304 | D:14     | Learned a level 5 spell: Lee's Rapid Deconstruction
 62317 | D:14     | Received a gift from Sif Muna
 62422 | D:14     | Killed Agnes
 62525 | D:14     | Found a gate to the Vaults.
 62563 | D:14     | Found Medwy's Assorted Antiques.
 62570 | D:14     | Bought a smoky coppery potion for 28 gold pieces
 62674 | D:14     | Found a gateway to a bazaar.
 63009 | D:15     | Found Anisippo's General Store.
 63881 | D:15     | Found a staircase to the Depths.
 64010 | D:15     | Found a runed translucent door.
 64018 | D:15     | Noticed Gokulugg's ghost (journeyman DgFi)
 64458 | Swamp:1  | Entered Level 1 of the Swamp
 65401 | Swamp:1  | You fall into a shaft and drop 1 floor!
 68154 | Swamp:3  | Received a gift from Sif Muna
 68359 | Swamp:3  | Identified the Handbook of the Unstable Glacier
 68579 | Swamp:4  | Entered Level 4 of the Swamp
 69336 | Swamp:4  | Reached XP level 17. HP: 76/76 MP: 18/32
 69525 | Swamp:3  | Learned a level 8 spell: Lehudib's Crystal Spear
 72512 | Swamp:4  | Got a decaying rune of Zot
 73267 | D:7      | Killed Delamore's ghost
 73457 | D:9      | Learned a level 5 spell: Lee's Rapid Deconstruction
 73654 | D:9      | Killed losten's ghost
 73778 | D:9      | Found a staircase to the Lair.
 73988 | D:9      | Found Viet Mism's Jewellery Boutique.
 74481 | Elf:1    | Entered Level 1 of the Elven Halls
 75358 | Elf:1    | Paralysed by an air elemental for 1 turns
 75813 | Elf:1    | Noticed Nikola
 76729 | Elf:1    | Paralysed by an air elemental for 1 turns
 76770 | Elf:1    | Noticed Louise
 76782 | Elf:1    | Killed Louise
 76906 | Elf:1    | Killed Nikola
 77377 | Elf:2    | Paralysed by an air elemental for 1 turns
 78154 | Elf:2    | Paralysed by an air elemental for 1 turns
 78592 | Elf:2    | Found a runed translucent gate.
 78592 | Elf:2    | Found a runed translucent gate.
 78593 | Elf:2    | Found a runed translucent gate.
 78914 | Elf:2    | Reached XP level 18. HP: 63/80 MP: 7/33
 78917 | Elf:2    | Identified Dimets's Papyrus of the Freezing Birds (Sif Muna
                  | gifted it to you on level 2 of the Elven Halls)
 78917 | Elf:2    | Received a gift from Sif Muna
 80051 | Elf:3    | Entered Level 3 of the Elven Halls
 80160 | Elf:3    | Reached skill level 15 in Earth Magic
 80650 | Elf:3    | Killed from afar by a deep elf annihilator
 80651 | Elf:3    | Reached XP level 17. HP: -5/98 MP: 13/32
 80677 | Elf:3    | Paralysed by an air elemental for 1 turns
 80948 | Elf:3    | Found Nont's Magic Scroll Emporium.
 81278 | Elf:2    | Upgraded the game from 0.27-a0-1312-g5cdb2b3542 to
                  | 0.27-a0-1317-gd1140b374c
 81538 | Elf:3    | Noticed a Hell Sentinel
 81689 | Elf:3    | Identified the amulet "Fomucs" {rElec Regen+ Dex+2 Stlth+}
 81692 | Elf:3    | Identified the +7 hand axe of the Two Names {holy, +Blink
                  | rElec rC+++ Dex-4}
 82100 | Elf:3    | Identified the +4 plate armour of Brilliance {rPois Will+
                  | Int+2}
 82410 | Elf:3    | Identified the +7 long sword "Xiodgho" {freeze, rCorr}
 82560 | Elf:3    | Identified the ring "Huto Itt" {rPois Will+ Dex+4 Stlth+}
 83014 | Elf:3    | Paralysed by an air elemental for 1 turns
 83197 | Elf:3    | Identified the +1 whip of the First Stars {vorpal, rPois}
                  | (You took it off a deep elf zephyrmancer on level 3 of the
                  | Elven Halls)
 83471 | Elf:3    | Identified the ring "Vaihib" {Int+4 Dex+6}
 83471 | Elf:3    | Noticed a deep elf master archer
 83479 | Elf:3    | Killed a deep elf master archer
 85158 | Slime:1  | Entered Level 1 of the Pits of Slime
 85395 | Lair:5   | Learned a level 8 spell: Lehudib's Crystal Spear
 85643 | Lair:6   | Killed Bybenepn's ghost
 85644 | Lair:6   | Reached XP level 18. HP: 63/80 MP: 0/33
 85815 | Lair:6   | Found a viscous altar of Jiyva.
 85847 | Lair:6   | Found a staircase to the Slime Pits.
 86579 | Vaults:1 | Entered Level 1 of the Vaults
 87146 | Vaults:1 | Noticed Asterion
 87177 | Vaults:1 | Killed Asterion
 87204 | Vaults:1 | HP: 1/104 [yaktaur captain[a boggart] (16)]
 87207 | Vaults:1 | Shot with a bolt by a yaktaur captain
 87208 | Vaults:1 | Reached XP level 17. HP: -10/98 MP: 10/32
 87215 | Vaults:1 | Upgraded the game from 0.27-a0-1317-gd1140b374c to
                  | 0.27-a0-1321-gd358eaa319
 87697 | Vaults:1 | Found Putsan's Assorted Antiques.
 87865 | Vaults:1 | Identified the Guide on Transformation and Evil Arts
 88299 | Vaults:1 | Mangled by a deep troll

Illustrated notes

Levels and vault maps discovered:
D:1:      lemuel_arrival_funnel, layout_rooms
D:2:      layout_rooms, uniq_jessica
D:3:      layout_basic, hellmonk_ecumenical_altar_crossroads,
          uniq_crazy_yiuf_cottage, uniq_grinder, uniq_natasha
D:4:      layout_basic, kennysheep_generic_room_14
D:5:      layout_basic, nicolae_gozag_cash_rules_everything_around_me,
          uniq_edmund, uniq_eustachio
D:6:      layout_basic, kennysheep_little_box, jmf_multi_god_temple2,
          minmay_temple_entry_wispy, uniq_blork_the_orc
D:7:      black_bear_nest_2, layout_basic, old_standard_altar,
          old_standard_altar, nicolae_overflow_crystal_walls,
          ebering_ghost_disaster_area
D:8:      layout_basic, kennysheep_mini, nicolae_overflow_hidden_temple
D:9:      layout_basic, lair_entry_dummy, ebering_ghost_gozag,
          minmay_shop_enchanted_jewellery, chequers_serial_rivers_small_b,
          minivault_16, corexii_hall_statues_i, small_chamber_with_monster,
          onia_ninara_dug_in_and_dangerous
D:10:     layout_grid_maze, chequers_hall_statues_y
D:11:     layout_basic, zombieorc2_lemuel,
          nicolae_dithmenos_through_a_glass_darkly
D:12:     layout_roguey, uniq_sonja
D:13:     layout_gridville, kennysheep_small_spiral, uniq_jorgrun
D:14:     layout_basic, ximxim_vaults_locker_room, serial_shops, statue_bzr,
          nicolae_shop_behind_doors, kennysheep_mini_moat, uniq_agnes
D:15:     gammafunk_enter_depths_forms, layout_basic, serial_shops,
          nicolae_shop_behind_doors, ebering_ghost_inner_flame
Temple:   dshaligram_water_room_temple
Lair:1:   layout_cave_pods, gauntlet_entry_generic, special_room
          [special_room_bee]
Lair:2:   layout_regular_city
Lair:3:   dpeg_oklob_gauntlet, layout_regular_city, grunt_megastairs_1
Lair:4:   layout_gridlike, minmay_swamp_entry_worms, guppyfry_snake_entry_island
Lair:5:   layout_layer_cave, uniq_urug
Lair:6:   evilmike_catoblepas_cave, layout_misc_corridors,
          minmay_slime_entry_jelly_boxes, gammafunk_ghost_ooze,
          grunt_megastairs_3
Swamp:1:  layout_falls_marsh, evilmike_swamp_ruin_house_3, swamp_pool5
Swamp:2:  layout_falls_marsh, nicolae_swamp_triple_paths,
          nicolae_swamp_spriggan_camp
Swamp:3:  layout_basic_swamp, nicolae_swamp_small_spring
Swamp:4:  swamp_basic_johnstein, layout_basic_swamp, infiniplex_staircase_pool_2
Snake:1:  layout_onion, st_stairs_3, serial_bayou_shore_a, grunt_megastairs_2,
          minmay_shop_grove, serial_bayou_shore_b
Snake:2:  layout_honeycomb, serial_shops, nicolae_stop_n_shop_2,
          gammafunk_ghost_wrathful_warriors
Snake:3:  layout_rooms
Snake:4:  grunt_snake_rune_pools, layout_chambers, nicolae_snake_gridmaze_big_u,
          minmay_shoptagon, serial_bayou_shore_b
Slime:1:  layout_caves
Orc:1:    layout_caves, serial_shops, nicolae_diamond_shop,
          nicolae_orc_bridge_out, uniq_maurice, uniq_snorg
Orc:2:    st_orc_congregation, layout_diamond_mine, basic_altar, uniq_nessos,
          uniq_donald
Elf:1:    minmay_elf_arrival_circle, layout_gridlike, minivault_28, uniq_louise,
          uniq_nikola
Elf:2:    layout_geoelf_octagon, serial_sigils_hangedman_scratch
Elf:3:    minmay_elf_hall_curves, layout_geoelf_octagon, serial_shops,
          nicolae_shop_waterfront
Vaults:1: nicolae_vaults_yaktaur_gun_rack, nicolae_vaults_little_squares_2,
          ontoclasm_vaults_shuriken, nicolae_vaults_stairing_the_circle,
          nicolae_vaults_ring_of_whatevers, nicolae_vaults_ring_of_whatevers,
          v_misc_24, hangedman_vaults_cutoff, v_misc_8,
          nicolae_vaults_fighting_squares, ontoclasm_vaults_claustrophobia,
          v_alt_pattern_3, vaults_room_fours, vaults_room_pool,
          nicolae_vaults_puzzle_piece, nicolae_vaults_little_squares_5,
          layout_vaults_maze_bifur, serial_shops, shop_statue, uniq_asterion

Skill      XL: |  1  2  3  4  5  6  7  8  9 10 11 12 13 14 15 16 17 18 |
---------------+-------------------------------------------------------+-----
Stealth        | 3 4 5 7 8 9 11 | 11.4
Dodging        | 3 4 6 7 8 9 10 | 10.8
Fighting       | 1 2 3 4 5 6 7 8 9 10 | 10.0
Conjurations   | 4 5 6 7 8 9 10 11 13 14 | 14.9
Hexes          | 2 3 4 6 8 9 10 11 17 16 | 17.9
Spellcasting   | 3 4 5 8 10 | 10.4
Evocations     | 1 3 4 5 6 7 |  7.7
Translocations | 5 6 8 9 |  9.4
Invocations    | 2 3 4 5 6 |  6.5
Transmutations | 5 8 |  8.5
Earth Magic    | 4 8 10 12 16 17 | 17.8

Action                   |  1- 3 |  4- 6 |  7- 9 | 10-12 | 13-15 | 16-18 || total
-------------------------+-------+-------+-------+-------+-------+-------++-------
Melee: Unarmed           |       |       |     4 |    10 |   186 |   349 ||   549
       Bite              |       |       |       |       |    14 |    30 ||    44
 Cast: Magic Dart        |    18 |       |     2 |       |       |       ||    20
       Searing Ray       |    23 |    35 |    18 |    89 |    51 |       ||   216
       Dazzling Flash    |       |     1 |     1 |     6 |     1 |       ||     9
       Fulminant Prism   |       |     4 |    94 |   194 |   574 |   371 ||  1237
       Blink             |       |       |     1 |     2 |    10 |     8 ||    21
       Iskenderun's Myst |       |       |       |    36 |   171 |   107 ||   314
       Cause Fear        |       |       |       |     1 |    21 |       ||    22
       Statue Form       |       |       |       |       |   102 |   189 ||   291
       Discord           |       |       |       |       |    20 |    20 ||    40
       Teleport Other    |       |       |       |       |     5 |       ||     5
       Lee's Rapid Decon |       |       |       |       |       |   178 ||   178
       Lehudib's Crystal |       |       |       |       |       |    32 ||    32
       Shatter           |       |       |       |       |       |     2 ||     2
Invok: Channel Magic     |       |       |       |       |     6 |    12 ||    18
       Divine Exegesis   |       |       |       |       |     1 |     2 ||     3
Evoke: Wand              |       |       |     3 |    13 |    83 |    47 ||   146
       Box of beasts     |       |       |       |       |       |     1 ||     1
       Tin of tremorston |       |       |       |       |       |     1 ||     1
       Condenser vane    |       |       |       |       |       |     1 ||     1
  Use: Scroll            |       |     8 |     6 |    11 |    20 |    16 ||    61
       Potion            |       |       |       |       |     4 |    12 ||    16
 Stab: Paralysed         |       |       |       |     5 |    16 |     2 ||    23
       Distracted        |       |       |       |       |     1 |       ||     1
       Sleeping          |       |       |       |       |     1 |     3 ||     4
Armor: Skin              |       |       |       |     1 |   138 |   373 ||   512
Dodge: Dodged            |     4 |    15 |    18 |    97 |   738 |  1202 ||  2074
Block: Other             |       |       |       |    21 |   158 |   250 ||   429
       Reflection        |       |       |       |     2 |    29 |    16 ||    47

Table legend: (Time is in decaauts)
 A = Elapsed time spent in this place.
 B = Non-inter-level travel time spent in this place.
 C = Inter-level travel time spent in this place.
 D = Time resting spent in this place.
 E = Time spent auto-exploring this place.
 F = Levels seen in this place.
 G = Mean time per level.
                   A        B        C        D        E       F      G
               +--------+--------+--------+--------+--------+-----+--------+
         Total |  88495 |  82203 |   6292 |  30701 |  35742 |  37 | 2391.8 |
       Dungeon |  27460 |  24680 |   2780 |   6201 |  14350 |  15 | 1830.7 |
        Temple |     62 |     44 |     18 |      0 |     42 |   1 |   62.0 |
          Lair |  23068 |  20850 |   2218 |  10585 |   6739 |   6 | 3844.7 |
         Swamp |   8919 |   8564 |    355 |   4229 |   2720 |   4 | 2229.8 |
     Snake Pit |  13262 |  12941 |    321 |   4723 |   5266 |   4 | 3315.5 |
    Slime Pits |      2 |      2 |      0 |      0 |      0 |   1 |    2.0 |
  Orcish Mines |   3985 |   3672 |    313 |   1467 |   1526 |   2 | 1992.5 |
   Elven Halls |   9984 |   9700 |    284 |   3004 |   4327 |   3 | 3328.0 |
        Vaults |   1749 |   1749 |      0 |    489 |    767 |   1 | 1749.0 |
               +--------+--------+--------+--------+--------+-----+--------+

Top non-repeatable levels by time:
  Lair:4: 5085 daAuts
 Snake:4: 5067 daAuts
  Lair:5: 4839 daAuts
 Swamp:3: 4568 daAuts
  Lair:1: 4141 daAuts
  Lair:6: 3739 daAuts
   Elf:3: 3566 daAuts
   Elf:1: 3476 daAuts
    D:14: 3334 daAuts
 Snake:2: 3202 daAuts
   Elf:2: 2942 daAuts
  Lair:3: 2927 daAuts
     D:9: 2838 daAuts
    D:11: 2652 daAuts
 Snake:1: 2603 daAuts
